Map: Triton LE

Players

Denver

  • Race: Zerg Zerg
  • League: Master
  • Spawn Location: 5:00

Neeblet (Neeb) - Winner!

  • Race: Protoss Protoss
  • Spawn Location: 11:00

VOD

Have the link to the VOD?

Description

Time

  • Played on: Jan. 14, 2020, 2:32 p.m.
  • Length: 8:52
Show
View Real Time Build Order
Export as new Build Order

Denver Zerg 

Build Orders: Hatch First 

Get SALT Encoding   

  12  0:00  Drone  
  13  0:12  Overlord  
  13  0:17  Drone  
  14  0:31  Drone x2  
  16  0:47  Hatchery  
  15  0:52  Drone  
  15  0:55  Drone  
  17  0:59  Drone  
  18  1:09  Extractor  
  17  1:14  Spawning Pool  
  17  1:17  Drone  
  17  1:20  Drone  
  18  1:28  Drone  
  19  1:40  Drone  
  20  1:50  Drone  
  21  2:01  Zergling x2, Queen x2  
  23  2:02  Zergling x2  
  27  2:10  Metabolic Boost  
  27  2:11  Overlord  
  27  2:13  Drone  
  28  2:30  Drone x2  
  28  2:36  Hatchery  
  29  2:39  Drone  
  29  2:40  Drone  
  31  2:45  Overlord  
  31  2:49  Drone  
  32  2:56  Queen  
  34  2:59  Zergling x2  
  34  3:01  Zergling x2  
  34  3:05  Zergling x2  
  37  3:08  Drone x2  
  37  3:10  Drone  
  40  3:13  Drone  
  40  3:15  Overlord  
  40  3:19  Drone  
  42  3:27  Drone  
  43  3:33  Spore Crawler, Queen  
  44  3:37  Drone  
  44  3:38  Drone  
  46  3:41  Overlord  
  46  3:46  Spore Crawler  
  45  3:49  Drone x4  
  45  3:50  Drone  
  45  3:53  Overlord  
  50  3:56  Spore Crawler  
  50  3:58  Drone  
  50  4:02  Drone x2  
  52  4:04  Overlord  
  52  4:09  Drone x2  
  54  4:10  Drone  
  54  4:14  Drone x2  
  54  4:15  Drone  
  57  4:20  Drone  
  57  4:23  Lair  
  58  4:27  Zergling x4  
  58  4:29  Queen  
  61  4:31  Zergling x2  
  61  4:32  Zergling x2  
  61  4:34  Drone  
  63  4:42  Drone x7  
  69  4:47  Overlord  
  69  4:51  Extractor  
  69  4:52  Extractor, Roach Warren  
  66  4:56  Drone x3  
  66  4:57  Overlord  
  70  5:00  Drone x3  
  69  5:07  Drone x2  
  69  5:11  Drone  
  69  5:13  Spore Crawler  
  71  5:21  Drone x6  
  75  5:24  Drone  
  75  5:25  Extractor  
  77  5:32  Drone x2  
  77  5:33  Glial Reconstitution, Drone x2  
  81  5:41  Hatchery, Overlord  
  80  5:43  Extractor  
  80  5:45  Extractor  
  80  5:46  Spire  
  80  5:47  Drone x3  
  77  5:50  Drone x4  
  79  5:59  Drone  
  79  6:00  Overlord  
  78  6:07  Drone x3  
  78  6:09  Overlord  
  79  6:12  Roach x5  
  79  6:16  Overseer  
  79  6:17  Overlord  
  87  6:21  Drone x2, Overlord  
  87  6:23  Drone  
  87  6:24  Evolution Chamber  
  89  6:30  Roach x2  
  93  6:33  Overlord  
  93  6:40  Drone  
  93  6:41  Infestation Pit  
  92  6:49  Zerg Missile Weapons Level 1  
  92  6:53  Overlord  
  90  6:59  Mutalisk x3  
  90  7:00  Mutalisk x4  
  104  7:03  Drone  
  104  7:04  Drone x5  
  110  7:10  Roach x2  
  110  7:11  Roach x2  
  118  7:16  Zergling x10  
  118  7:18  Baneling Nest  
  118  7:19  Drone  
  123  7:23  Roach x3  
  123  7:25  Ravager  
  123  7:26  Overlord  
  123  7:28  Overlord  
  130  7:35  Zergling x10  
  135  7:39  Drone x2  
  139  7:44  Mutalisk x3  
  139  7:47  Roach  
  139  7:48  Roach x2  
  151  7:52  Overlord  
  151  7:53  Ravager x2  
  153  8:05  Roach x9  
  154  8:12  Roach x4  
  147  8:17  Roach x4  
  141  8:24  Roach x3  
  141  8:25  Roach  
  138  8:32  Roach x4  
Show
View Real Time Build Order
Export as new Build Order

Neeblet Protoss - Winner!

Build Orders: 1 Gate Expand, Oracle Opening, Phoenix Opening, Zealot Archon 

Get SALT Encoding   

  12  0:00  Probe  
  13  0:12  Probe  
  14  0:18  Pylon  
  14  0:25  Probe  
  15  0:37  Probe (Chrono Boost)  
  15  0:40  Gateway  
  16  0:46  Probe (Chrono Boost), Assimilator  
  17  0:51  Probe (Chrono Boost)  
  18  1:03  Probe  
  19  1:15  Probe  
  20  1:23  Nexus  
  20  1:34  Cybernetics Core  
  20  1:37  Probe  
  21  1:45  Assimilator  
  21  1:49  Probe  
  21  1:52  Pylon  
  22  2:01  Probe (Chrono Boost)  
  22  2:08  Adept (Chrono Boost)  
  23  2:11  Probe (Chrono Boost)  
  26  2:16  Probe (Chrono Boost)  
  26  2:20  Stargate  
  27  2:28  Probe (Chrono Boost)  
  28  2:30  Warp Gate  
  28  2:34  Adept  
  28  2:36  Probe (Chrono Boost)  
  32  2:46  Probe x2 (Chrono Boost)  
  33  2:51  Probe (Chrono Boost)  
  33  2:52  Probe (Chrono Boost)  
  35  3:00  Gateway  
  35  3:03  Probe  
  35  3:04  Probe, Phoenix (Chrono Boost)  
  39  3:15  Probe  
  39  3:16  Probe  
  39  3:18  Pylon  
  41  3:24  Oracle (Chrono Boost)  
  45  3:27  Probe  
  45  3:28  Probe  
  45  3:31  Assimilator  
  45  3:33  Assimilator  
  46  3:39  Probe  
  46  3:40  Probe  
  48  3:51  Probe, Pylon  
  48  3:52  Probe  
  48  3:53  Oracle (Chrono Boost)  
  53  4:03  Probe  
  53  4:07  Robotics Facility  
  53  4:09  Probe  
  55  4:15  Probe  
  56  4:19  Adept x2  
  56  4:21  Probe  
  61  4:24  Pylon  
  61  4:27  Probe, Pylon  
  62  4:35  Nexus  
  62  4:40  Pylon  
  62  4:42  Probe x2, Pylon  
  62  4:44  Sentry  
  62  4:45  Sentry  
  68  4:54  Probe, Forge, Observer  
  68  4:56  Twilight Council  
  68  4:58  Probe  
  68  4:59  Shield Battery  
  71  5:06  Probe  
  72  5:10  Probe  
  73  5:14  Immortal (Chrono Boost)  
  73  5:15  Sentry, Zealot  
  73  5:18  Probe  
  82  5:22  Charge  
  82  5:24  Probe  
  83  5:28  Protoss Ground Weapons Level 1 (Chrono Boost)  
  83  5:30  Probe  
  83  5:32  Pylon  
  84  5:36  Probe  
  85  5:43  Immortal (Chrono Boost)  
  85  5:47  Probe x2  
  91  5:58  Gateway  
  91  6:00  Gateway  
  91  6:02  Gateway  
  91  6:05  Gateway  
  91  6:06  Gateway  
  91  6:08  Gateway  
  87  6:12  Warp Prism (Chrono Boost)  
  87  6:16  Probe x2  
  91  6:20  Probe, Templar Archives  
  92  6:28  Assimilator  
  92  6:29  Assimilator  
  92  6:30  Probe  
  92  6:31  Probe  
  92  6:32  Probe  
  95  6:34  Pylon  
  95  6:36  Pylon  
  95  6:42  Probe, Zealot x2  
  95  6:43  Probe  
  95  6:44  Probe  
  95  6:46  Pylon  
  102  6:54  Nexus  
  102  6:58  Pylon  
  102  7:04  High Templar x3  
  102  7:05  High Templar, Zealot x4  
  118  7:09  Archon x2  
  118  7:16  Pylon  
  118  7:20  Pylon  
  118  7:31  Pylon  
  118  7:32  Zealot x2  
  118  7:33  Zealot x2  
  126  7:37  High Templar x3  
  126  7:38  High Templar  
  126  7:42  Pylon, Archon  
  126  7:43  Archon  
  134  7:45  Probe x2  
  134  7:46  Probe  
  134  7:51  Photon Cannon  
  137  7:58  Phoenix (Chrono Boost)  
  137  8:00  Photon Cannon  
  137  8:01  Photon Cannon  
  137  8:04  Shield Battery  
  137  8:05  Shield Battery  
  133  8:07  Stalker x2  
  133  8:08  Stalker x2  
  132  8:15  Stalker x3  
  134  8:26  Stalker  
  132  8:31  Stalker x2  
  132  8:32  Stalker x2  
Tags
 
Add a new tag
Caveats
  • Supply blocks, unpowered buildings, or Contaminate may cause inaccurate times.
  • Supply counts are checked every 10 seconds.